 Dungeon Crawl Stone Soup version 0.29.1-12-g30fa7ad0bf (webtiles) character file.

Game seed: 14011383703389269124

1509 nachturnus the Carver (level 9, -1/69 HPs)
             Began as a Human Monk on Jan 8, 2023.
             Was a Believer of Dithmenos.
             Slain by a vampire (11 damage)
             ... on level 5 of the Dungeon.
             The game lasted 00:24:06 (7435 turns).

nachturnus the Carver (Human Monk)                  Turns: 7435, Time: 00:24:06

Health: -1/69      AC: 18    Str: 14    XL:     9   Next: 9%
Magic:  9/9        EV:  5    Int: 11    God:    Dithmenos [**....]
Gold:   181        SH:  0    Dex: 17    Spells: 8/8 levels left

rFire   + + .      SeeInvis .   s - +1 falchion (holy)
rCold   . . .      Faith    .   (no shield)
rNeg    . . .      Spirit   .   q - +0 plate armour
rPois   +          Reflect  .   v - +0 helmet
rElec   .          Harm     .   h - +0 cloak
rCorr   .          Rampage  .   l - +1 pair of gloves
Will    .....                   n - +0 pair of boots
Stlth   ..........              (no amulet)
HPRegen 0.21/turn               i - ring of poison resistance
MPRegen 0.11/turn               o - ring of protection from fire

@: wreathed by umbra
A: fire resistance 1, MP-powered wands
a: Renounce Religion, Shadow Step


You were on level 5 of the Dungeon.
You worshipped Dithmenos.
Dithmenos was pleased with you.
You visited 2 branches of the dungeon, and saw 6 of its levels.

You collected 220 gold pieces.
You spent 39 gold pieces at shops.

Inventory:

Hand Weapons
 a - a +0 falchion
 s - a +1 falchion of holy wrath (weapon)
Armour
 d - a +0 leather armour
 h - a +0 cloak (worn)
 l - a +1 pair of gloves (worn)
 m - an orb of energy
 n - a +0 pair of boots (worn)
 q - a +0 plate armour (worn)
 v - a +0 helmet (worn)
Jewellery
 b - an amulet of magic regeneration
 i - a ring of poison resistance (left hand)
 o - a ring of protection from fire (right hand)
Wands
 u - a wand of iceblast (4)
Scrolls
 g - a scroll of magic mapping
 k - 3 scrolls of teleportation
Potions
 c - a potion of ambrosia
 e - a potion of attraction
 j - a potion of brilliance
 p - 2 potions of resistance
 r - a potion of haste
 t - a potion of flight


   Skills:
 - Level 6.2 Fighting
 - Level 8.0 Long Blades
 + Level 5.2 Armour
 - Level 3.0 Dodging
 - Level 2.0 Stealth


You had 8 spell levels left.
You didn't know any spells.
Your spell library contained the following spells:

 Spells                   Type           Power      Damage    Failure   Level
 Apportation              Tloc           0%         N/A       100%        1
 Necrotise                Necr           0%         1d4       100%        1
 Sandblast                Erth           0%         2d4       100%        1
 Slow                     Hex            0%         N/A       100%        1
 Summon Small Mammal      Summ           0%         N/A       100%        1
 Passwall                 Tmut/Erth      0%         N/A       100%        2
 Static Discharge         Conj/Air       0%         3-3/arc   100%        2
 Confusing Touch          Hex            0%         N/A       100%        3
 Stone Arrow              Conj/Erth      0%         3d7       100%        3
 Vampiric Draining        Necr           0%         2d6       100%        3
 Dispel Undead            Necr           0%         3d6       100%        4
 Sticky Flame             Conj/Fire      0%         2d3       100%        4


Dungeon Overview and Level Annotations

Branches:
Dungeon (5/15)             Temple (1/1) D:4

Altars:
Ashenzari
Cheibriados
Dithmenos
Elyvilon
Fedhas
Gozag
Hepliaklqana
Kikubaaqudgha
Nemelex Xobeh
Okawaru
Qazlal
Ru
Sif Muna
Trog
Wu Jian
Xom
Yredelemnul
Zin
The Shining One

Shops:
D:3 *[:   D:4 !

Annotations:
D:4 1 runed translucent door, gdog's ghost, novice GnDe


Innate Abilities, Weirdness & Mutations

Your flesh is heat resistant. (rF+)
You expend magic power (3 MP) to strengthen your wands.


Message History

You hit the vampire but do no damage.
The vampire is moderately damaged.
The vampire hits you. The vampire bites you.
The vampire draws strength from your injuries!
The vampire hits you.
The vampire bites you but does no damage.
You bump into the rock wall.
The vampire barely misses you. The vampire bites you.
The vampire draws strength from your injuries!
You bump into the rock wall.
The vampire closely misses you.
The vampire bites you but does no damage.
You slash the vampire!
The vampire convulses.
The vampire is heavily damaged.
The vampire barely misses you.
The vampire bites you but does no damage.
You miss the vampire.
The vampire is heavily damaged.
You feel less confused. The vampire draws life force from you!
* * * LOW HITPOINT WARNING * * *
The vampire is healed by the life force!
You feel better.
The vampire mumbles some strange words.
The vampire flickers and vanishes!
Deactivating autopickup; reactivate with Ctrl-A.
You hit something but do no damage. Something hits you but does no damage.
Something bites you!
* * * LOW HITPOINT WARNING * * *
Something draws strength from your injuries!
You barely miss something. Something hits you but does no damage.
Something bites you.
* * * LOW HITPOINT WARNING * * *
Something draws strength from your injuries!
You hit something but do no damage. Something hits you but does no damage.
Something bites you.
* * * LOW HITPOINT WARNING * * *
Something draws strength from your injuries!
You hit something but do no damage. Something hits you but does no damage.
Something bites you!
You die...

##....## ##....### ##..###
#..#..# ##..## ###..# ..#...#
##....## #.## ......# ##...)..#
##.# #.[...####.......## #.##
.##.....#.........## ##.#
.....>.............## #.<#
...#...........{....####.##
................@........####
.............####...###.....
............## #..## ###...
.####......## ##.## #.##
..##.##....# #..# ##.#
..........## ##.## ###..#
.###.###..# ##..#####....##
.###.# #..####...##........###
.##..####..............##....##


There were no monsters in sight!

Vanquished Creatures
  Pikel (D:5)
  Prince Ribbit (D:5)
  Grinder (D:3)
  3 lemures (D:5)
  A phantom (D:4)
  A necrophage (D:5)
  A scorpion (D:4)
  A howler monkey (D:5)
  A gnoll bouda (D:5)
  2 orc wizards (D:5)
  Natasha (thrice) (D:2)
  3 iguanas
  3 gnolls (D:5)
  7 adders
  A river rat (D:3)
  An ufetubus (D:5)
  5 worms
  2 dart slugs (D:3)
  8 orcs
  8 bats
  5 endoplasms
  A giant cockroach (D:3)
  7 goblins
  5 hobgoblins
  11 jackals
  7 kobolds
  4 quokkas
  5 ball pythons
  A frilled lizard (D:3)
  A rat (D:2)
101 creatures vanquished.

Vanquished Creatures (others)
  6 fungi (D:2)
  7 plants (D:2)
13 creatures vanquished.

Grand Total: 114 creatures vanquished

Notes
Turn   | Place    | Note
-------+----------+-------------------------------------------
     0 | D:1      | nachturnus the Human Monk began the quest for the Orb.
     0 | D:1      | Reached XP level 1. HP: 18/18 MP: 1/1
   233 | D:1      | Reached XP level 2. HP: 24/24 MP: 2/2
   687 | D:1      | Reached skill level 4 in Long Blades
   687 | D:1      | Reached XP level 3. HP: 29/29 MP: 3/3
  1328 | D:2      | Reached XP level 4. HP: 14/35 MP: 4/4
  1551 | D:2      | Noticed Natasha
  1584 | D:2      | Killed Natasha
  1585 | D:2      | Reached skill level 5 in Long Blades
  1703 | D:2      | Reached XP level 5. HP: 31/41 MP: 5/5
  1735 | D:2      | Noticed Natasha
  1746 | D:2      | Killed Natasha
  1934 | D:2      | Noticed Natasha
  1949 | D:2      | Killed Natasha
  2073 | D:2      | Reached skill level 6 in Long Blades
  2289 | D:2      | Found a faded altar of an unknown god.
  2453 | D:2      | Reached XP level 6. HP: 47/47 MP: 6/6
  2676 | D:2      | Gained mutation: Your flesh is heat resistant. (rF+)
                  | [potion of mutation]
  2676 | D:2      | Gained mutation: You expend magic power (3 MP) to
                  | strengthen your wands. [potion of mutation]
  2759 | D:3      | Noticed Grinder
  2814 | D:3      | Found Kaudell's Book Shoppe.
  2895 | D:3      | Found Foac's Antique Armour Shop.
  2925 | D:3      | Found Yczevoigh's General Store.
  3388 | D:3      | Paralysed by Grinder for 2 turns
  3393 | D:3      | Killed Grinder
  3394 | D:3      | Reached skill level 7 in Long Blades
  3394 | D:3      | Reached XP level 7. HP: 22/52 MP: 7/7
  4224 | D:4      | Found a runed translucent door.
  4228 | D:4      | Noticed gdog's ghost (novice GnDe)
  4311 | D:4      | Reached skill level 8 in Long Blades
  4446 | D:4      | Found Ario's Distillery.
  4449 | D:4      | Bought a potion of curing for 39 gold pieces
  4894 | D:4      | Found a staircase to the Ecumenical Temple.
  4900 | Temple   | Entered the Ecumenical Temple
  5130 | Temple   | Became a worshipper of Dithmenos the Shadowed
  5130 | Temple   | Reached * piety under Dithmenos
  5130 | Temple   | Reached ** piety under Dithmenos
  5231 | D:5      | Entered Level 5 of the Dungeon
  5421 | D:5      | Noticed Prince Ribbit
  5929 | D:5      | Reached XP level 8. HP: 50/61 MP: 8/8
  6004 | D:5      | Noticed a vampire
  6097 | D:5      | Killed Prince Ribbit
  6098 | D:5      | Reached skill level 5 in Fighting
  6985 | D:5      | Noticed Pikel
  7000 | D:5      | Reached skill level 1 in Armour
  7011 | D:5      | Killed Pikel
  7012 | D:5      | Reached skill level 5 in Armour
  7012 | D:5      | Reached XP level 9. HP: 24/69 MP: 9/9
  7435 | D:5      | Slain by a vampire

Illustrated notes

Levels and vault maps discovered:
D:1:      sevenhm_arrival_forest_fort_small_3, layout_loops_ring
D:2:      layout_basic, shapermc_ecumenical_altar_mp_ritualfount, uniq_natasha
D:3:      layout_basic, cheibrodos_sewer_entry_sluice, serial_shops, shop,
          shop_statue, shop_statue, uniq_grinder
D:4:      layout_rooms, minmay_temple_entry_fiery, serial_shops,
          kennysheep_mini_moat, ebering_ghost_sewer_d
D:5:      layout_layer_cave, uniq_pikel, uniq_prince_ribbit1
Temple:   compressed_dpeg_triangle_lava_temple

Skill      XL: |  1  2  3  4  5  6  7  8 |
---------------+-------------------------+-----
Long Blades    | 4 5 6 7 8 |  8.0
Fighting       | 4 6 |  6.2
Armour         | 5 |  5.2
Dodging        | |  3.0
Stealth        | |  2.0

Action                   |  1- 3 |  4- 6 |  7- 9 || total
-------------------------+-------+-------+-------++-------
Melee: Falchion          |   105 |   160 |   316 ||   581
       Punch             |       |     3 |     5 ||     8
  Use: Scroll            |     4 |     6 |     8 ||    18
       Potion            |       |     2 |     5 ||     7
 Stab: Sleeping          |     8 |     2 |     1 ||    11
Armor: Leather armour    |    38 |    67 |    35 ||   140
       Plate armour      |       |       |   135 ||   135
Dodge: Dodged            |    74 |   117 |   106 ||   297
